 Dungeon Crawl Stone Soup version 0.23.2-1-ga50397a6bc (webtiles) character file.

Game seed: 5799945171885928468

2603 Mrkan the Cudgeler (level 9, -1/56 HPs)
             Began as a Gargoyle Fighter on May 18, 2019.
             Was a Priest of Okawaru.
             Slain by Harold
             ... wielding a +0 dire flail
              (6 damage)
             ... on level 8 of the Dungeon.
             The game lasted 00:11:35 (6723 turns).

Mrkan the Cudgeler (Gargoyle Fighter)               Turns: 6723, Time: 00:11:36

Health: -1/56      AC: 30    Str: 27    XL:     9   Next: 59%
Magic:  12/12      EV:  9    Int: 10    God:    Okawaru [***...]
Gold:   332        SH: 13    Dex:  9    Spells: 8/8 levels left

rFire    . . .     SeeInvis .   j - +2 mace (protect)
rCold    . . .     Gourm    .   c - +0 shield
rNeg     + . .     Faith    .   D - +0 plate armour
rPois    ∞         Spirit   .   (no helmet)
rElec    +         Reflect  .   (no cloak)
rCorr    .         Harm     .   y - +0 pair of gloves
MR       .....                  (no boots)
Stlth    ..........             (no amulet)
HPRegen  0.18/turn              (no ring)
MPRegen  0.13/turn              (no ring)

@: mighty, heroism, marked, protection aura, slowed, very slow
A: negative energy resistance 1, electricity resistance, unbreathing,
petrification resistance, rot immunity, AC +6
a: Heroism, Renounce Religion


You were on level 8 of the Dungeon.
You worshipped Okawaru.
Okawaru was most pleased with you.
You were hungry.

You visited 1 branch of the dungeon, and saw 8 of its levels.

You collected 332 gold pieces.

Inventory:

Hand Weapons
 a - a +0 flail
 j - a +2 mace of protection (weapon)
 H - a +1 whip of flaming
Armour
 b - a +0 scale mail
 c - a +0 shield (worn)
 y - a +0 pair of gloves (worn)
 D - a +0 plate armour (worn)
Jewellery
 m - a cursed amulet of inaccuracy {unknown}
 o - a +2 ring of intelligence
 B - an uncursed ring of fire {unknown}
 G - an uncursed amulet of rage {unknown}
Wands
 E - a wand of disintegration (10)
 I - a wand of random effects (6)
Scrolls
 e - 2 scrolls of noise {unknown}
 i - 2 scrolls of amnesia {unknown}
 l - 3 scrolls of remove curse
 p - 3 scrolls of blinking {unknown}
 q - 5 scrolls of teleportation {unknown}
 r - 4 scrolls of magic mapping {unknown}
 s - 3 scrolls of enchant armour {unknown}
 x - a scroll of random uselessness {unknown}
 C - 2 scrolls of fear {unknown}
 K - 2 scrolls of identify
Potions
 d - a potion of might
 g - 2 potions of curing {unknown}
 h - 2 potions of degeneration {unknown}
 k - 3 potions of resistance {unknown}
 n - 3 potions of flight {unknown}
 t - a potion of brilliance {unknown}
 u - a potion of heal wounds {unknown}
 v - a potion of magic {unknown}
 w - 2 potions of haste {unknown}
 z - 2 potions of berserk rage {unknown}
 A - 2 potions of agility {unknown}
 F - a potion of lignification {unknown}
Comestibles
 f - 10 rations
 J - 4 chunks of flesh


   Skills:
 + Level 6.7(11.7) Fighting
 * Level 7.7(12.7) Maces & Flails
 + Level 6.6(11.6) Armour
 + Level 6.6(11.6) Shields
 + Level 4.9 Invocations


You had 8 spell levels left.
You didn't know any spells.
Your spell library contained the following spells:

 Spells                   Type           Power        Failure   Level  Hunger
 Magic Dart               Conj           #...         99%         1    ##.....
 Blink                    Tloc           N/A          100%        2    ###....
 Call Imp                 Summ           #.......     100%        2    ###....
 Slow                     Hex            #.......     100%        2    ###....
 Conjure Flame            Conj/Fire      #.......     100%        3    ####...
 Mephitic Cloud           Conj/Pois/Air  #.......     100%        3    ####...


Dungeon Overview and Level Annotations

Branches:
Dungeon (8/15)             Temple (0/1) D:6
   Lair: D:8-11

Altars:
Ashenzari
Cheibriados
Dithmenos
Gozag
Kikubaaqudgha
Okawaru
Ru
Uskayaw
Vehumet
Wu Jian
Xom
Yredelemnul
Zin

Annotations:
D:7 3 runed translucent doors, luab's ghost, novice GnVM
D:8 Harold


Innate Abilities, Weirdness & Mutations

You are resistant to torment.
Your stone body is resilient. (AC +6)
You are immune to poison.
You resist negative energy. (rN+)
You are resistant to electric shocks. (rElec)
You can survive without breathing.
You are immune to petrification.
You are immune to rotting.


Message History

Harold hits you but does no damage.
You hit Harold.
Harold is severely wounded.
You block the orc wizard's attack. You block the orc's attack.
The orc wizard hits you with a +0 dagger.
* * * LOW HITPOINT WARNING * * *
Harold completely misses you. The orc barely misses you.
The orc wizard points at you and mumbles some strange words.
The magic dart hits you but does no damage.
You hit Harold.
Harold is severely wounded.
Harold barely misses you.
The orc wizard gestures wildly while chanting.
The orc wizard blinks!
You block the orc's attack. Harold hits you but does no damage.
You thump Harold!
Harold is almost dead.
You block the orc's attack. The orc hits you but does no damage.
Harold hits you with a +0 dire flail.
You die...

.........#
#........#
........####
#..........
#....(...
........ .....
#...$..# ##.###
#......####)o@@#
#......#..)..oo#
#.....o#.##....#
#.....o#.##....#
#.§..o@#o##....#
#.....!#o##....#
#......oo##....#
#####.....#....#
. ##.....#....#


You could see Harold and 3 orcs.

Vanquished Creatures
  Pikel (D:7)
  Prince Ribbit (D:7)
  An orc warrior (D:6)
  A sky beast (D:7)
  An ice beast (D:6)
  An ogre (D:6)
  4 centaurs
  3 bullfrogs
  A scorpion (D:5)
  3 wights (D:6)
  3 crimson imps
  2 howler monkeys (D:7)
  3 hounds
  3 orc priests
  A centaur skeleton (D:3)
  A bullfrog skeleton (D:7)
  Natasha (D:2)
  5 worker ants
  2 orc wizards
  An iguana (D:4)
  A howler monkey zombie (D:5)
  3 gnolls (D:3)
  8 adders
  2 shadow imps
  2 oozes
  An adder zombie (D:7)
  2 worms
  A dart slug (D:2)
  9 leopard geckos
  25 orcs
  2 ball pythons
  4 giant cockroaches
  9 goblins
  7 hobgoblins
  4 jackals (D:3)
  5 quokkas
  10 bats
  5 frilled lizards
  A giant cockroach zombie (D:5)
  7 kobolds
  A leopard gecko skeleton (D:7)
  A quokka zombie (D:5)
  5 rats
154 creatures vanquished.

Notes
Turn   | Place    | Note
-------+----------+-------------------------------------------
     0 | D:1      | Mrkan the Gargoyle Fighter began the quest for the Orb.
     0 | D:1      | Reached XP level 1. HP: 14/14 MP: 1/1
   169 | D:1      | Reached XP level 2. HP: 16/19 MP: 2/2
   763 | D:1      | Reached XP level 3. HP: 23/23 MP: 3/3
  1219 | D:2      | Noticed Natasha
  1227 | D:2      | Killed Natasha
  1227 | D:2      | Reached skill level 3 in Maces & Flails
  1227 | D:2      | Reached XP level 4. HP: 8/29 MP: 4/4
  1444 | D:2      | Found a glowing silver altar of Zin.
  1501 | D:2      | Found a snail-covered altar of Cheibriados.
  1515 | D:2      | Found a basalt altar of Yredelemnul.
  1860 | D:3      | Reached XP level 5. HP: 31/33 MP: 5/5
  1891 | D:3      | Found an iron altar of Okawaru.
  1895 | D:3      | Became a worshipper of Warmaster Okawaru
  2274 | D:3      | Reached skill level 4 in Maces & Flails
  2274 | D:3      | Reached XP level 6. HP: 37/39 MP: 6/6
  2768 | D:4      | Found an ancient bone altar of Kikubaaqudgha.
  2791 | D:4      | Found a hide-covered altar of Uskayaw.
  3480 | D:5      | Entered Level 5 of the Dungeon
  3660 | D:5      | Found a shadowy altar of Dithmenos.
  3708 | D:5      | Found a sacrificial altar of Ru.
  4063 | D:4      | Reached skill level 1 in Invocations
  4366 | D:5      | Reached XP level 7. HP: 22/44 MP: 8/8
  4381 | D:5      | Reached * piety under Okawaru
  4422 | D:5      | Found a shattered altar of Ashenzari.
  4641 | D:6      | Reached skill level 5 in Maces & Flails
  4669 | D:6      | Found a staircase to the Ecumenical Temple.
  4714 | D:6      | Reached skill level 5 in Fighting
  4714 | D:6      | Reached skill level 5 in Armour
  4823 | D:6      | Reached skill level 5 in Shields
  5050 | D:6      | Reached XP level 8. HP: 34/49 MP: 9/9
  5480 | D:6      | Reached skill level 6 in Maces & Flails
  5501 | D:6      | Reached ** piety under Okawaru
  5839 | D:7      | Noticed Prince Ribbit
  5945 | D:7      | Found an ornate altar of the Wu Jian Council.
  6082 | D:7      | Found an opulent altar of Gozag.
  6093 | D:7      | Killed Prince Ribbit
  6117 | D:7      | Noticed Pikel
  6170 | D:7      | Killed Pikel
  6170 | D:7      | Reached skill level 7 in Maces & Flails
  6170 | D:7      | Reached XP level 9. HP: 27/56 MP: 10/12
  6176 | D:7      | Reached *** piety under Okawaru
  6455 | D:7      | Found a runed translucent gate.
  6455 | D:7      | Found a runed translucent gate.
  6457 | D:7      | Found a runed translucent gate.
  6460 | D:7      | Noticed luab's ghost (novice GnVM)
  6509 | D:8      | Found a radiant altar of Vehumet.
  6563 | D:8      | Found a shimmering altar of Xom.
  6649 | D:8      | Noticed Harold
  6723 | D:8      | Slain by Harold

Skill      XL: |  1  2  3  4  5  6  7  8 |
---------------+-------------------------+-----
Maces & Flails | 3 4 5 7 |  7.7
Armour         | 4 5 6 |  6.6
Fighting       | 4 5 6 |  6.7
Shields        | 4 5 6 |  6.6
Invocations    | 1 2 4 |  4.9

Action                   |  1- 3 |  4- 6 |  7- 9 || total
-------------------------+-------+-------+-------++-------
Melee: Flail             |   149 |   284 |       ||   433
       Mace              |       |    41 |   429 ||   470
Invok: Heroism           |       |       |     1 ||     1
  Use: Scroll            |       |     4 |       ||     4
       Potion            |       |       |     1 ||     1
  Eat: Ration            |       |     1 |     1 ||     2
       Chunk             |       |     8 |     5 ||    13
Armor: Scale mail        |    87 |   153 |    45 ||   285
       Plate armour      |       |       |   223 ||   223
Dodge: Dodged            |    47 |   100 |   105 ||   252
Block: Shield            |    98 |   181 |   218 ||   497
